 Dungeon Crawl Stone Soup version 0.29.0-4-gdea44cf6ec (webtiles) character file.

Game seed: 6946153821879893699

58123 qw the Brawler (level 14, -2/126 (140) HPs)
             Began as a Troll Cinder Acolyte on Sept 3, 2022.
             Was an Elder of Okawaru.
             Killed by divine providence
             ... invoked by a meliai
              (10 damage)
             ... on level 13 of the Dungeon.
             The game lasted 00:09:19 (16784 turns).

qw the Brawler (Troll Cinder Acolyte)              Turns: 16784, Time: 00:09:19

HP:   -2/126 (140)  AC:  8    Str: 35    XL:     14   Next: 48%
MP:   18/19         EV: 11    Int:  6    God:    Okawaru [****..]
Gold: 1396          SH:  0    Dex:  3    Spells: 15/15 levels left

rFire   . . .      SeeInvis +     - Unarmed
rCold   + . .      Faith    .   (no shield)
rNeg    . . .      Spirit   .   c - +2 robe of Igasaisi {+Blink rC+ Str+6 Int-4}
rPois   .          Reflect  .   (helmet restricted)
rElec   .          Harm     .   p - +0 cloak
rCorr   .          Rampage  .   (gloves unavailable)
Will    ++...                   (boots unavailable)
Stlth   ++........              (no amulet)
HPRegen 1.11/turn               d - +4 ring of evasion
MPRegen 0.16/turn               m - ring of see invisible

@: lethally poisoned (-2 -> -18), heroic, marked, grasped by roots, slowed,
constricted, heavily drained, very slow
A: large, unfitting armour, claws 3, regeneration 1, shaggy fur 1, tough skin 1,
clumsy 1, strong-willed 1
a: Renounce Religion, Evoke Blink, Heroism, Finesse


You were on level 13 of the Dungeon.
You worshipped Okawaru.
Okawaru was greatly pleased with you.
You visited 3 branches of the dungeon, and saw 19 of its levels.
You also visited: Sewer.

You collected 1785 gold pieces.
You spent 389 gold pieces at shops.


Innate Abilities, Weirdness & Mutations

You are too large for most types of armour.
You have claws for hands.
Your natural rate of healing is unusually fast.
You are covered in fur. (AC +1)
You have tough skin. (AC +1)
You are clumsy. (Dex -2)
You are strong-willed. (Will+)


   Skills:
 - Level 9.0(14.0) Fighting
 - Level 8.0(13.0) Throwing
 - Level 3.0(8.0) Armour
 - Level 1.0(6.0) Dodging
 + Level 19.6(24.6) Unarmed Combat
 - Level 1.0 Spellcasting
 - Level 2.1 Fire Magic
 + Level 8.4 Invocations


You had 15 spell levels left.
You didn't know any spells.
Your spell library contained the following spells:

 Spells                   Type           Power      Damage    Failure   Level
 Scorch                   Fire           4%         2d5       28%         2

Inventory:

Missiles
 a - 11 boomerangs
 b - 2 silver javelins
 q - 9 javelins
 r - 9 large rocks (quivered)
Armour
 c - the +2 robe of Igasaisi (worn) {+Blink rC+ Str+6 Int-4}
   (You found it on level 2 of the Lair of Beasts)

   Str:       It affects your strength (+6).
   Int:       It affects your intelligence (-4).
   rC:        It protects you from cold.
   +Blink:    It lets you blink.
 p - a +0 cloak (worn)
Jewellery
 d - a +4 ring of evasion (left claw)
 i - a ring of protection from fire
 j - a ring of protection from cold
 m - a ring of see invisible (right claw)
 s - a ring of resist corrosion
Scrolls
 g - 11 scrolls of identify
 n - 2 scrolls of brand weapon
 u - 3 scrolls of enchant weapon
Potions
 e - a potion of resistance
 f - a potion of might
 h - 4 potions of mutation
 k - 10 potions of curing
 l - 3 potions of cancellation
 o - 2 potions of haste

Dungeon Overview and Level Annotations

Branches:
Dungeon (13/15)            Temple (1/1) D:5            Lair (5/5) D:9
 Shoals (0/4) Lair:3       Spider (0/4) Lair:2        Slime (0/5) Lair:4
    Orc (0/2) D:12          Sewer (visited)
 Vaults: D:13-14

Altars:
Ashenzari
Cheibriados
Dithmenos
Elyvilon
Fedhas
Gozag
Hepliaklqana
Kikubaaqudgha
Makhleb
Nemelex Xobeh
Okawaru
Qazlal
Ru
Sif Muna
Trog
Uskayaw
Vehumet
Wu Jian
Xom
Yredelemnul
Zin
The Shining One

Shops:
D:3 (   D:11 *   D:13 **

Portals:
Hell: Lair:5

Annotations:
D:2 1 runed translucent door, Crazy Yiuf
Lair:4 2 transporters, 1 runed translucent door, qw's ghost, journeyman TrCA


Message History

The meliai mumbles some strange prayers to its god against you.
Something smites you!
You scratch the meliai.
The meliai is almost dead.
You feel sick.
The meliai hits you with a +0 war axe of draining!
You feel drained. The meliai misses you.
The meliai hits you with a +0 hand axe. The meliai closely misses you.
The centaur unwields a +0 shortbow.
The centaur hits you. The centaur misses you. The meliai barely misses you.
The meliai stings you but does no damage.
The meliai zaps a wand.
The bolt of acid misses you.
The centaur shoots an arrow.
The arrow barely misses you.
The centaur unwields a +7 shortbow of freezing.
The centaur hits you but does no damage.
The centaur closely misses you.
16784 ||| DRINKING potion of heal wounds.
You feel much better.
You feel sick. The meliai hits you but does no damage.
You feel drained. The meliai stings you.
You are more poisoned.
The meliai poisons you!
The meliai calls upon its god to heal the meliai.
The meliai is healed somewhat.
The centaur shoots an arrow.
The arrow closely misses you.
The centaur hits you but does no damage.
The centaur misses you.
The meliai zaps a wand.
The roots erupt in riotous growth!
The grasping roots grab you!
The meliai is unaffected.
The centaur is unaffected. x2
The meliai is unaffected.
The grasping roots constrict you.
The meliai hits you with a +0 war axe of draining!
You feel drained. The meliai barely misses you.
The centaur shoots an arrow.
The arrow hits you but does no damage.
The centaur hits you but does no damage.
The centaur kicks you but does no damage.
The meliai hits you with a +0 hand axe. The meliai stings you.
The grasping roots constrict you.
The meliai mumbles some strange prayers to its god against you.
Something smites you!
You die...

#..# #.# #..#
####..####.######..##
.....................
#..................
#..................
#................<.
#..............>...
#.ccc..............
#.@yc..............
#..yc..............
#..c...............
#..................
#..................
...........
...((.....
.....######


You could see 2 centaur warriors, 2 meliai and 4 centaurs.

Vanquished Creatures
  Kirke (Lair:3)
  A dire elephant (Lair:5)
  A catoblepas (Lair:5)
  7 hydras
  5 two-headed ogres
  A centaur warrior (D:13)
  A death yak (Lair:5)
  2 tengu warriors (D:11)
  A sun demon (Lair:5)
  A deep elf pyromancer (D:10)
  A wizard (Lair:5)
  A lindwurm (Lair:4)
  2 oklob plants
  3 manticores
  3 cyclopes
  19 elephants
  4 black mambas
  3 orange demons (Lair:5)
  15 cane toads
  3 gargoyles
  3 kobold demonologists (D:9)
  9 komodo dragons
  An unseen horror (D:12)
  Maggie (D:7)
  3 rime drakes
  A hellwing (Lair:5)
  A meliai (D:13)
  An ice devil (Lair:5)
  2 red devils (Lair:5)
  4 trolls
  2 hornets (D:8)
  6 slime creatures (D:12)
  12 blink frogs
  4 dream sheep (Lair:5)
  A shadow (D:8)
  6 hogs (Lair:3)
  23 yaks
  7 wyverns
  A human (Lair:3)
  3 wraiths
  3 basilisks
  13 fire elementals
  3 steam dragons
  3 vampire mosquitoes (D:10)
  A warg (D:12)
  4 acid dragons
  22 water moccasins
  4 hell hounds (Lair:5)
  2 orc warriors
  5 black bears
  5 sky beasts
  An ice beast (D:7)
  2 ogres (D:7)
  3 wolves (Lair:4)
  9 centaurs
  2 phantoms
  11 kobold brigands
  10 bullfrogs
  A necrophage (D:4)
  2 gnoll sergeants
  4 scorpions
  4 wights
  17 killer bees
  A howler monkey (D:7)
  2 electric eels
  2 jellies
  A gnoll bouda (D:5)
  2 hounds
  10 orc priests
  Jessica (D:3)
  Terence (D:2)
  8 orc wizards
  6 hell rats (Lair:2)
  9 adders
  9 gnolls
  A river rat (Sewer)
  A shadow imp (D:8)
  3 white imps
  3 ufetubi
  5 worms
  2 dart slugs (D:1)
  55 orcs
  11 ball pythons
  3 bats
  10 endoplasms
  10 giant cockroaches
  9 goblins
  10 hobgoblins
  13 jackals
  4 quokkas
  3 frilled lizards
  17 kobolds
  8 rats
517 creatures vanquished.

Vanquished Creatures (others)
  A jackal (D:5)
  8 fungi
  11 plants
20 creatures vanquished.

Grand Total: 537 creatures vanquished

Notes
Turn   | Place    | Note
-------+----------+-------------------------------------------
     0 | D:1      | qw the Troll Cinder Acolyte began the quest for the Orb.
     0 | D:1      | Reached XP level 1. HP: 22/22 MP: 1/1
     0 | D:1      | 0 ||| qw: Version: 0.1-a-102-g441f92d
     0 | D:1      | 0 ||| qw: Game counter: 5257
     0 | D:1      | 0 ||| qw: Always use a shield: true
     0 | D:1      | 0 ||| qw: God list: Okawaru
     0 | D:1      | 0 ||| qw: Allow faded altars: false
     0 | D:1      | 0 ||| qw: Do Orc after D:15 true
     0 | D:1      | 0 ||| qw: Do second Lair branch before Depths: true
     0 | D:1      | 0 ||| qw: Lair rune preference: random
     0 | D:1      | 0 ||| qw: Plans: Normal
     0 | D:1      | 0 ||| PLANNING D:1-11
   160 | D:1      | Reached XP level 2. HP: 20/29 MP: 2/2
   190 | D:1      | 190 ||| Stepping ~*~*~tactically~*~*~ (stealth).
   198 | D:1      | 198 ||| Stepping ~*~*~tactically~*~*~ (hiding).
   431 | D:1      | 431 ||| Stepping ~*~*~tactically~*~*~ (stealth).
   439 | D:1      | Reached skill level 4 in Unarmed Combat
   512 | D:1      | Reached XP level 3. HP: 36/36 MP: 3/3
   726 | D:1      | 726 ||| READING scroll labelled OCUJOTE UFOIV.
   730 | D:1      | 730 ||| READING scroll labelled TOVAGA GOCSYDD.
   766 | D:2      | Noticed Terence
   769 | D:2      | 769 ||| Stepping ~*~*~tactically~*~*~ (stealth).
   770 | D:2      | 770 ||| Stepping ~*~*~tactically~*~*~ (stealth).
   775 | D:2      | Killed Terence
   817 | D:2      | 817 ||| INVOKING Fiery Armour.
   822 | D:2      | Reached XP level 4. HP: 40/44 MP: 4/4
   822 | D:2      | 822 ||| Stepping ~*~*~tactically~*~*~ (outnumbered).
   826 | D:2      | Reached skill level 5 in Unarmed Combat
   974 | D:2      | 974 ||| Stepping ~*~*~tactically~*~*~ (outnumbered).
   978 | D:2      | 978 ||| FLEEEEING.
  1181 | D:2      | Found a runed translucent door.
  1182 | D:2      | Noticed Crazy Yiuf
  1555 | D:2      | 1555 ||| UPGRADING to +4 ring of evasion.
  1556 | D:2      | 1556 ||| DROPPING ring of flight.
  1557 | D:2      | 1557 ||| READING scroll labelled FACHEZ VAEQ.
  1558 | D:2      | 1558 ||| DRINKING 2 murky ruby potions.
  1559 | D:2      | 1559 ||| DRINKING 2 grey potions.
  1560 | D:2      | 1560 ||| DROPPING potion of brilliance.
  1561 | D:2      | 1561 ||| READING scroll of teleportation.
  1643 | D:3      | 1643 ||| STAIRDANCE
  1733 | D:3      | Found Heakk's Antique Weapon Emporium.
  1785 | D:3      | 1785 ||| Stepping ~*~*~tactically~*~*~ (stealth).
  1790 | D:3      | 1790 ||| Stepping ~*~*~tactically~*~*~ (stealth).
  1802 | D:3      | 1802 ||| FLEEEEING.
  1807 | D:3      | 1807 ||| Stepping ~*~*~tactically~*~*~ (stealth).
  1812 | D:3      | 1812 ||| Stepping ~*~*~tactically~*~*~ (stealth).
  1813 | D:3      | 1813 ||| Stepping ~*~*~tactically~*~*~ (stealth).
  1814 | D:3      | Noticed Jessica
  1822 | D:3      | Killed Jessica
  1823 | D:3      | Reached XP level 5. HP: 50/50 MP: 5/5
  2019 | D:3      | Reached skill level 6 in Unarmed Combat
  2228 | D:3      | Found a hazy altar of Hepliaklqana.
  2228 | D:3      | Found an ancient bone altar of Kikubaaqudgha.
  2334 | D:3      | 2334 ||| READING scroll labelled VELUKH ZOZIA.
  2499 | D:4      | Reached XP level 6. HP: 59/59 MP: 6/6
  2605 | D:4      | Found an ornate altar of the Wu Jian Council.
  2666 | D:4      | Found a shimmering blue altar of Sif Muna.
  2675 | D:4      | Reached skill level 7 in Unarmed Combat
  2812 | D:4      | 2812 ||| READING scroll labelled VEG PAFFIDD.
  2813 | D:4      | 2813 ||| DRINKING 2 ruby potions.
  2814 | D:4      | 2814 ||| READING 2 scrolls of identify.
  2814 | D:4      | 2814 ||| IDENTIFYING viscous sapphire potion
  2815 | D:4      | 2815 ||| DROPPING potion of lignification.
  2816 | D:4      | 2816 ||| DROPPING potion of magic.
  2839 | D:5      | Entered Level 5 of the Dungeon
  2840 | D:5      | 2840 ||| PLANNING SEWER
  2840 | D:5      | 2840 ||| STAIRDANCE
  2853 | D:5      | 2853 ||| STAIRDANCE
  2884 | D:5      | 2884 ||| STAIRDANCE
  2893 | D:5      | 2893 ||| STAIRDANCE
  2911 | D:5      | 2911 ||| STAIRDANCE
  2928 | D:5      | 2928 ||| STAIRDANCE
  2960 | D:5      | Reached skill level 8 in Unarmed Combat
  2960 | D:5      | Reached XP level 7. HP: 66/66 MP: 7/7
  2991 | D:5      | 2991 ||| Stepping ~*~*~tactically~*~*~ (outnumbered).
  2992 | D:5      | 2992 ||| Stepping ~*~*~tactically~*~*~ (outnumbered).
  3034 | D:5      | 3034 ||| INVOKING Fiery Armour.
  3040 | D:5      | Reached skill level 3 in Fighting
  3094 | D:5      | 3094 ||| Stepping ~*~*~tactically~*~*~ (stealth).
  3118 | D:5      | Found a glowing drain.
  3119 | D:5      | 3119 ||| DROPPING ring of magical power.
  3120 | D:5      | 3120 ||| READING scroll labelled NAWUYM BUIKK.
  3121 | D:5      | 3121 ||| DRINKING 2 lumpy green potions.
  3121 | D:5      | Gained mutation: You are strong-willed. (Will+) [potion of
                  | mutation]
  3121 | D:5      | Gained mutation: You are clumsy. (Dex -2) [potion of
                  | mutation]
  3131 | Sewer    | Entered a sewer
  3232 | Sewer    | Reached skill level 9 in Unarmed Combat
  3310 | Sewer    | Reached skill level 1 in Throwing
  3342 | Sewer    | Reached XP level 8. HP: 41/75 MP: 8/8
  3598 | Sewer    | Reached skill level 10 in Unarmed Combat
  3703 | Sewer    | 3703 ||| READING scroll labelled WIXIKLY LYHAL.
  3704 | Sewer    | 3704 ||| DRINKING 2 orange potions.
  3727 | D:5      | 3727 ||| PLANNING D:1-11
  3744 | D:5      | Found a staircase to the Ecumenical Temple.
  3888 | D:5      | 3888 ||| INVOKING Fiery Armour.
  3894 | D:5      | 3894 ||| Stepping ~*~*~tactically~*~*~ (outnumbered).
  4098 | D:5      | 4098 ||| READING scroll labelled MEIXKODWUG.
  4099 | D:5      | 4099 ||| READING scroll labelled ZUM FAM LUS.
  4100 | D:5      | 4100 ||| DRINKING 2 gluggy blue potions.
  4121 | D:6      | 4121 ||| Stepping ~*~*~tactically~*~*~ (outnumbered).
  4122 | D:6      | 4122 ||| Stepping ~*~*~tactically~*~*~ (outnumbered).
  4127 | D:6      | 4127 ||| Stepping ~*~*~tactically~*~*~ (outnumbered).
  4128 | D:6      | 4128 ||| Stepping ~*~*~tactically~*~*~ (outnumbered).
  4129 | D:6      | 4129 ||| Stepping ~*~*~tactically~*~*~ (outnumbered).
  4130 | D:6      | 4130 ||| Stepping ~*~*~tactically~*~*~ (outnumbered).
  4132 | D:6      | 4132 ||| Stepping ~*~*~tactically~*~*~ (outnumbered).
  4284 | D:6      | 4284 ||| Stepping ~*~*~tactically~*~*~ (outnumbered).
  4285 | D:6      | 4285 ||| Stepping ~*~*~tactically~*~*~ (outnumbered).
  4286 | D:6      | 4286 ||| Stepping ~*~*~tactically~*~*~ (outnumbered).
  4290 | D:6      | 4290 ||| Stepping ~*~*~tactically~*~*~ (outnumbered).
  4292 | D:6      | Reached skill level 11 in Unarmed Combat
  4316 | D:6      | Reached XP level 9. HP: 84/84 MP: 9/9
  4413 | D:6      | 4413 ||| Stepping ~*~*~tactically~*~*~ (hiding).
  4417 | D:6      | 4417 ||| INVOKING Fiery Armour.
  4418 | D:6      | 4418 ||| Stepping ~*~*~tactically~*~*~ (outnumbered).
  4598 | D:6      | Identified the +1 hand axe "Upenwutz" {antimagic, Str+4}
  4697 | D:6      | 4697 ||| UPGRADING to +2 robe of willpower.
  4707 | D:6      | 4707 ||| DROPPING +0 robe.
  4708 | D:6      | 4708 ||| UPGRADING to +0 cloak.
  4713 | D:6      | 4713 ||| READING scroll labelled SOGRUSHRIDITT.
  4869 | D:7      | 4869 ||| Stepping ~*~*~tactically~*~*~ (stealth).
  5012 | D:7      | Reached skill level 3 in Throwing
  5014 | D:7      | 5014 ||| Stepping ~*~*~tactically~*~*~ (outnumbered).
  5015 | D:7      | 5015 ||| Stepping ~*~*~tactically~*~*~ (outnumbered).
  5016 | D:7      | 5016 ||| Stepping ~*~*~tactically~*~*~ (outnumbered).
  5526 | D:7      | 5526 ||| Stepping ~*~*~tactically~*~*~ (hiding).
  5528 | D:7      | 5528 ||| Stepping ~*~*~tactically~*~*~ (hiding).
  5533 | D:7      | 5533 ||| INVOKING Fiery Armour.
  5585 | D:7      | Reached skill level 12 in Unarmed Combat
  5596 | D:7      | Noticed Maggie
  5597 | D:7      | 5597 ||| Stepping ~*~*~tactically~*~*~ (hiding).
  5609 | D:7      | Killed Maggie
  5714 | D:7      | 5714 ||| Stepping ~*~*~tactically~*~*~ (outnumbered).
  5717 | D:7      | 5717 ||| Stepping ~*~*~tactically~*~*~ (outnumbered).
  5718 | D:7      | 5718 ||| Stepping ~*~*~tactically~*~*~ (outnumbered).
  5719 | D:7      | 5719 ||| Stepping ~*~*~tactically~*~*~ (outnumbered).
  5720 | D:7      | 5720 ||| Stepping ~*~*~tactically~*~*~ (outnumbered).
  5721 | D:7      | 5721 ||| Stepping ~*~*~tactically~*~*~ (outnumbered).
  5722 | D:7      | 5722 ||| Stepping ~*~*~tactically~*~*~ (outnumbered).
  5723 | D:7      | 5723 ||| Stepping ~*~*~tactically~*~*~ (outnumbered).
  5724 | D:7      | 5724 ||| Stepping ~*~*~tactically~*~*~ (outnumbered).
  5726 | D:7      | 5726 ||| Stepping ~*~*~tactically~*~*~ (outnumbered).
  5727 | D:7      | 5727 ||| Stepping ~*~*~tactically~*~*~ (outnumbered).
  5728 | D:7      | 5728 ||| Stepping ~*~*~tactically~*~*~ (outnumbered).
  5729 | D:7      | 5729 ||| Stepping ~*~*~tactically~*~*~ (outnumbered).
  5731 | D:7      | 5731 ||| Stepping ~*~*~tactically~*~*~ (outnumbered).
  5732 | D:7      | 5732 ||| Stepping ~*~*~tactically~*~*~ (outnumbered).
  5734 | D:7      | 5734 ||| Stepping ~*~*~tactically~*~*~ (outnumbered).
  5735 | D:7      | 5735 ||| Stepping ~*~*~tactically~*~*~ (outnumbered).
  5743 | D:7      | 5743 ||| FLEEEEING.
  5744 | D:7      | 5744 ||| FLEEEEING.
  5745 | D:7      | 5745 ||| FLEEEEING.
  5904 | D:7      | 5904 ||| DROPPING orb of light.
  5905 | D:7      | 5905 ||| UPGRADING to +0 acid dragon scales.
  5915 | D:7      | 5915 ||| DROPPING +2 robe of willpower.
  5916 | D:7      | 5916 ||| READING scroll labelled HACREE YTHOFF.
  5917 | D:7      | 5917 ||| READING 2 scrolls of identify.
  5917 | D:7      | 5917 ||| IDENTIFYING fizzy pink potion
  5960 | D:8      | Reached skill level 1 in Armour
  5970 | D:8      | 5970 ||| Stepping ~*~*~tactically~*~*~ (stealth).
  5972 | D:8      | 5972 ||| Stepping ~*~*~tactically~*~*~ (stealth).
  5975 | D:8      | 5975 ||| Stepping ~*~*~tactically~*~*~ (stealth).
  5977 | D:8      | 5977 ||| Stepping ~*~*~tactically~*~*~ (stealth).
  5981 | D:8      | 5981 ||| Stepping ~*~*~tactically~*~*~ (stealth).
  6162 | D:8      | Found a radiant altar of Vehumet.
  6263 | D:8      | 6263 ||| FLEEEEING.
  6264 | D:8      | 6264 ||| FLEEEEING.
  6265 | D:8      | 6265 ||| FLEEEEING.
  6279 | D:8      | 6279 ||| FLEEEEING.
  6324 | D:8      | 6324 ||| Stepping ~*~*~tactically~*~*~ (stealth).
  6325 | D:8      | 6325 ||| Stepping ~*~*~tactically~*~*~ (stealth).
  6328 | D:8      | 6328 ||| INVOKING Fiery Armour.
  6329 | D:8      | 6329 ||| Stepping ~*~*~tactically~*~*~ (outnumbered).
  6338 | D:8      | 6338 ||| Stepping ~*~*~tactically~*~*~ (hiding).
  6339 | D:8      | 6339 ||| Stepping ~*~*~tactically~*~*~ (hiding).
  6340 | D:8      | 6340 ||| Stepping ~*~*~tactically~*~*~ (hiding).
  6344 | D:8      | Reached XP level 10. HP: 76/96 MP: 10/10
  6542 | D:8      | Noticed a cyclops
  6544 | D:8      | 6544 ||| INVOKING Fiery Armour.
  6545 | D:8      | 6545 ||| FLEEEEING.
  6546 | D:8      | 6546 ||| FLEEEEING.
  6547 | D:8      | 6547 ||| FLEEEEING.
  6548 | D:8      | 6548 ||| FLEEEEING.
  6549 | D:8      | 6549 ||| FLEEEEING.
  6550 | D:8      | 6550 ||| FLEEEEING.
  6551 | D:8      | 6551 ||| FLEEEEING.
  6552 | D:8      | 6552 ||| FLEEEEING.
  6553 | D:8      | 6553 ||| FLEEEEING.
  6571 | D:8      | Killed a cyclops
  6572 | D:8      | Reached skill level 13 in Unarmed Combat
  6586 | D:8      | Noticed a two-headed ogre
  6591 | D:8      | Killed a two-headed ogre
  6708 | D:8      | 6708 ||| INVOKING Fiery Armour.
  6737 | D:8      | 6737 ||| FLEEEEING.
  6738 | D:8      | 6738 ||| FLEEEEING.
  6739 | D:8      | 6739 ||| FLEEEEING.
  6740 | D:8      | 6740 ||| FLEEEEING.
  6741 | D:8      | 6741 ||| FLEEEEING.
  6742 | D:8      | 6742 ||| FLEEEEING.
  6743 | D:8      | 6743 ||| FLEEEEING.
  6744 | D:8      | 6744 ||| FLEEEEING.
  6745 | D:8      | 6745 ||| FLEEEEING.
  6746 | D:8      | 6746 ||| FLEEEEING.
  6747 | D:8      | 6747 ||| FLEEEEING.
  6748 | D:8      | 6748 ||| FLEEEEING.
  6751 | D:8      | 6751 ||| Stepping ~*~*~tactically~*~*~ (outnumbered).
  6753 | D:8      | 6753 ||| Stepping ~*~*~tactically~*~*~ (outnumbered).
  6755 | D:8      | 6755 ||| FLEEEEING.
  6901 | D:8      | 6901 ||| Stepping ~*~*~tactically~*~*~ (hiding).
  6916 | D:8      | Reached skill level 14 in Unarmed Combat
  6977 | D:8      | Noticed a two-headed ogre
  6978 | D:8      | 6978 ||| Stepping ~*~*~tactically~*~*~ (hiding).
  6980 | D:8      | 6980 ||| Stepping ~*~*~tactically~*~*~ (stealth).
  6989 | D:8      | Killed a two-headed ogre
  6990 | D:8      | Reached skill level 6 in Fighting
  7006 | D:8      | Reached skill level 1 in Dodging
  7132 | D:8      | 7132 ||| UPGRADING to amulet of guardian spirit.
  7137 | D:8      | 7137 ||| UPGRADING to ring of protection from fire.
  7138 | D:8      | 7138 ||| READING 3 scrolls of identify.
  7138 | D:8      | 7138 ||| IDENTIFYING bubbling silvery potion
  7139 | D:8      | 7139 ||| READING 2 scrolls of identify.
  7139 | D:8      | 7139 ||| IDENTIFYING glowing dark potion
  7140 | D:8      | 7140 ||| DROPPING potion of flight.
  7141 | D:8      | 7141 ||| DROPPING potion of berserk rage.
  7184 | D:9      | 7184 ||| INVOKING Fiery Armour.
  7201 | D:9      | Noticed a smoke demon
  7204 | D:9      | Reached XP level 11. HP: 105/105 MP: 9/11
  7263 | D:9      | 7263 ||| Stepping ~*~*~tactically~*~*~ (stealth).
  7267 | D:9      | 7267 ||| Stepping ~*~*~tactically~*~*~ (stealth).
  7271 | D:9      | 7271 ||| Stepping ~*~*~tactically~*~*~ (hiding).
  7278 | D:9      | Reached skill level 6 in Throwing
  7310 | D:9      | Found a staircase to the Lair.
  7370 | D:9      | 7370 ||| Stepping ~*~*~tactically~*~*~ (outnumbered).
  7521 | D:9      | Found a flagged portal.
  7795 | D:9      | Noticed a two-headed ogre
  7798 | D:9      | Noticed a five-headed hydra
  7799 | D:9      | 7799 ||| INVOKING Fiery Armour.
  7803 | D:9      | Killed a two-headed ogre
  7807 | D:9      | Killed an eight-headed hydra
  7808 | D:9      | Reached skill level 15 in Unarmed Combat
  8007 | D:9      | 8007 ||| PLANNING LAIR
  8007 | D:9      | 8007 ||| READING 2 scrolls of identify.
  8007 | D:9      | 8007 ||| IDENTIFYING blue potion
  8008 | D:9      | 8008 ||| DROPPING potion of attraction.
  8051 | Lair:1   | Entered Level 1 of the Lair of Beasts
  8068 | Lair:1   | Reached skill level 3 in Armour
  8139 | Lair:1   | 8139 ||| Stepping ~*~*~tactically~*~*~ (stealth).
  8141 | Lair:1   | 8141 ||| Stepping ~*~*~tactically~*~*~ (stealth).
  8144 | Lair:1   | 8144 ||| Stepping ~*~*~tactically~*~*~ (stealth).
  8161 | Lair:1   | 8161 ||| Stepping ~*~*~tactically~*~*~ (stealth).
  8162 | Lair:1   | 8162 ||| Stepping ~*~*~tactically~*~*~ (outnumbered).
  8163 | Lair:1   | 8163 ||| Stepping ~*~*~tactically~*~*~ (stealth).
  8320 | Lair:1   | Reached skill level 16 in Unarmed Combat
  8397 | Lair:1   | 8397 ||| INVOKING Fiery Armour.
  8409 | Lair:1   | 8409 ||| Stepping ~*~*~tactically~*~*~ (outnumbered).
  8410 | Lair:1   | 8410 ||| Stepping ~*~*~tactically~*~*~ (outnumbered).
  8411 | Lair:1   | 8411 ||| Stepping ~*~*~tactically~*~*~ (outnumbered).
  8412 | Lair:1   | 8412 ||| Stepping ~*~*~tactically~*~*~ (outnumbered).
  8413 | Lair:1   | 8413 ||| Stepping ~*~*~tactically~*~*~ (outnumbered).
  8414 | Lair:1   | 8414 ||| Stepping ~*~*~tactically~*~*~ (outnumbered).
  8415 | Lair:1   | 8415 ||| Stepping ~*~*~tactically~*~*~ (outnumbered).
  8426 | Lair:1   | 8426 ||| Stepping ~*~*~tactically~*~*~ (outnumbered).
  8427 | Lair:1   | 8427 ||| Stepping ~*~*~tactically~*~*~ (outnumbered).
  8510 | Lair:1   | Reached XP level 12. HP: 118/118 MP: 12/12
  8728 | Lair:1   | 8728 ||| UPGRADING to ring of see invisible.
  8730 | Lair:1   | 8730 ||| READING scroll labelled PISEOGIZYFF.
  8783 | Lair:2   | 8783 ||| Stepping ~*~*~tactically~*~*~ (stealth).
  8784 | Lair:2   | 8784 ||| INVOKING Fiery Armour.
  8785 | Lair:2   | 8785 ||| Stepping ~*~*~tactically~*~*~ (outnumbered).
  8786 | Lair:2   | 8786 ||| Stepping ~*~*~tactically~*~*~ (stealth).
  8804 | Lair:2   | 8804 ||| Stepping ~*~*~tactically~*~*~ (outnumbered).
  8807 | Lair:2   | 8807 ||| Stepping ~*~*~tactically~*~*~ (outnumbered).
  8811 | Lair:2   | 8811 ||| Stepping ~*~*~tactically~*~*~ (outnumbered).
  8812 | Lair:2   | 8812 ||| Stepping ~*~*~tactically~*~*~ (outnumbered).
  8813 | Lair:2   | 8813 ||| Stepping ~*~*~tactically~*~*~ (outnumbered).
  8819 | Lair:2   | 8819 ||| Stepping ~*~*~tactically~*~*~ (outnumbered).
  8820 | Lair:2   | 8820 ||| Stepping ~*~*~tactically~*~*~ (outnumbered).
  8821 | Lair:2   | 8821 ||| Stepping ~*~*~tactically~*~*~ (outnumbered).
  8827 | Lair:2   | 8827 ||| Stepping ~*~*~tactically~*~*~ (outnumbered).
  8828 | Lair:2   | 8828 ||| Stepping ~*~*~tactically~*~*~ (outnumbered).
  8829 | Lair:2   | 8829 ||| Stepping ~*~*~tactically~*~*~ (outnumbered).
  8830 | Lair:2   | 8830 ||| Stepping ~*~*~tactically~*~*~ (outnumbered).
  8831 | Lair:2   | 8831 ||| Stepping ~*~*~tactically~*~*~ (outnumbered).
  8833 | Lair:2   | 8833 ||| Stepping ~*~*~tactically~*~*~ (outnumbered).
  8834 | Lair:2   | 8834 ||| Stepping ~*~*~tactically~*~*~ (outnumbered).
  8835 | Lair:2   | 8835 ||| Stepping ~*~*~tactically~*~*~ (outnumbered).
  8920 | Lair:2   | 8920 ||| INVOKING Fiery Armour.
  8921 | Lair:2   | 8921 ||| Stepping ~*~*~tactically~*~*~ (outnumbered).
  8922 | Lair:2   | 8922 ||| Stepping ~*~*~tactically~*~*~ (outnumbered).
  8980 | Lair:2   | 8980 ||| PLANNING TEMPLE
  9139 | Temple   | Entered the Ecumenical Temple
  9139 | Temple   | Found a transporter.
  9139 | Temple   | Found a transporter.
  9141 | Temple   | Found a transporter.
  9141 | Temple   | Found a transporter.
  9151 | Temple   | 9151 ||| PLANNING LAIR
  9212 | Temple   | 9212 ||| PLANNING CONVERSION TO OKAWARU
  9219 | Temple   | Fell from the grace of Ignis
  9219 | Temple   | Became a worshipper of Warmaster Okawaru
  9220 | Temple   | 9220 ||| PLANNING LAIR
  9220 | Temple   | 9220 ||| REMOVING amulet of guardian spirit.
  9225 | Temple   | 9225 ||| DROPPING amulet of guardian spirit.
  9480 | Lair:2   | Found a hole to the Spider Nest.
  9491 | Lair:2   | Reached skill level 17 in Unarmed Combat
  9509 | Lair:2   | Identified the +2 robe of Igasaisi {+Blink rC+ Str+6 Int-4}
  9692 | Lair:2   | You fall into a shaft and drop 1 floor!
  9761 | Lair:3   | Identified the +1 dagger of the Middle {holy, Int+4}
  9813 | Lair:3   | 9813 ||| UPGRADING to +2 robe of Igasaisi {+Blink rC+ Str+6
                  | Int-4}.
  9823 | Lair:3   | 9823 ||| DROPPING +0 acid dragon scales.
 10148 | Lair:3   | Found a staircase to the Shoals.
 10178 | Lair:3   | Reached * piety under Okawaru
 10255 | Lair:3   | 10255 ||| INVOKING Heroism.
 10258 | Lair:3   | 10258 ||| READING 2 scrolls of identify.
 10258 | Lair:3   | 10258 ||| IDENTIFYING bubbling purple potion
 10263 | Lair:3   | Reached skill level 1 in Invocations
 10295 | Lair:3   | Noticed Kirke
 10296 | Lair:3   | 10296 ||| INVOKING Heroism.
 10304 | Lair:3   | Noticed a sphinx
 10313 | Lair:3   | Killed Kirke
 10314 | Lair:3   | Reached skill level 3 in Invocations
 10318 | Lair:3   | 10318 ||| INVOKING Heroism.
 10420 | Lair:3   | 10420 ||| INVOKING Heroism.
 10459 | Lair:3   | Reached ** piety under Okawaru
 10812 | Lair:3   | 10812 ||| INVOKING Heroism.
 10882 | Lair:3   | 10882 ||| Stepping ~*~*~tactically~*~*~ (outnumbered).
 10992 | Lair:3   | 10992 ||| DROPPING potion of degeneration.
 11027 | Lair:4   | Found a transporter.
 11093 | Lair:4   | Found a bloodstained altar of Trog.
 11101 | Lair:4   | Found a transporter.
 11102 | Lair:4   | Noticed qw's ghost (journeyman TrCA)
 11113 | Lair:4   | Reached skill level 18 in Unarmed Combat
 11148 | Lair:4   | Noticed an eight-headed hydra
 11149 | Lair:4   | 11149 ||| INVOKING Heroism.
 11155 | Lair:4   | Killed a 12-headed hydra
 11240 | Lair:4   | 11240 ||| INVOKING Heroism.
 11246 | Lair:4   | 11246 ||| Stepping ~*~*~tactically~*~*~ (outnumbered).
 11247 | Lair:4   | 11247 ||| Stepping ~*~*~tactically~*~*~ (outnumbered).
 11248 | Lair:4   | 11248 ||| Stepping ~*~*~tactically~*~*~ (outnumbered).
 11249 | Lair:4   | 11249 ||| Stepping ~*~*~tactically~*~*~ (outnumbered).
 11250 | Lair:4   | 11250 ||| Stepping ~*~*~tactically~*~*~ (outnumbered).
 11251 | Lair:4   | 11251 ||| Stepping ~*~*~tactically~*~*~ (outnumbered).
 11252 | Lair:4   | 11252 ||| Stepping ~*~*~tactically~*~*~ (outnumbered).
 11257 | Lair:4   | 11257 ||| Stepping ~*~*~tactically~*~*~ (outnumbered).
 11262 | Lair:4   | Reached XP level 13. HP: 76/124 MP: 13/15
 11268 | Lair:4   | 11268 ||| Stepping ~*~*~tactically~*~*~ (outnumbered).
 11275 | Lair:4   | 11275 ||| INVOKING Heroism.
 11301 | Lair:4   | You fall into a shaft and drop 1 floor!
 11301 | Lair:5   | Entered Level 5 of the Lair of Beasts
 11337 | Lair:5   | 11337 ||| Stepping ~*~*~tactically~*~*~ (hiding).
 11348 | Lair:5   | Reached *** piety under Okawaru
 11353 | Lair:5   | Found a burning altar of Makhleb.
 11355 | Lair:5   | 11355 ||| INVOKING Heroism.
 11356 | Lair:5   | 11356 ||| Stepping ~*~*~tactically~*~*~ (outnumbered).
 11357 | Lair:5   | 11357 ||| Stepping ~*~*~tactically~*~*~ (hiding).
 11360 | Lair:5   | 11360 ||| Stepping ~*~*~tactically~*~*~ (hiding).
 11371 | Lair:5   | HP: 29/127 [red devil/+0 trident (15)]
 11372 | Lair:5   | 11372 ||| READING 2 scrolls of teleportation.
 11372 | Lair:5   | HP: 13/127 [orange demon (6)]
 11373 | Lair:5   | 11373 ||| DRINKING 4 potions of heal wounds.
 11374 | Lair:5   | 11374 ||| DRINKING 3 potions of heal wounds.
 11395 | Lair:5   | 11395 ||| INVOKING Heroism.
 11419 | Lair:5   | 11419 ||| INVOKING Heroism.
 11508 | Lair:4   | Received a gift from Okawaru
 11521 | Lair:4   | Was forgiven by Ignis
 11522 | Lair:4   | 11522 ||| INVOKING Heroism.
 11526 | Lair:4   | HP: 28/127 [fire elemental[the fiery vengeance of Ignis]
                  | (7)]
 11527 | Lair:4   | 11527 ||| READING scroll of teleportation.
 11528 | Lair:4   | 11528 ||| DRINKING 2 potions of heal wounds.
 11529 | Lair:4   | 11529 ||| DRINKING potion of heal wounds.
 11529 | Lair:4   | Found a runed translucent door.
 11529 | Lair:4   | Found a staircase to the Slime Pits.
 11529 | Lair:4   | Noticed an acid blob
 11609 | Lair:4   | 11609 ||| INVOKING Heroism.
 11801 | Lair:4   | 11801 ||| Stepping ~*~*~tactically~*~*~ (stealth).
 11802 | Lair:4   | 11802 ||| Stepping ~*~*~tactically~*~*~ (stealth).
 12098 | Lair:4   | 12098 ||| INVOKING Heroism.
 12301 | Lair:4   | 12301 ||| READING scroll labelled RIMNEA QEKUS.
 12357 | Lair:4   | 12357 ||| DRINKING 2 fuming clear potions.
 12412 | Lair:5   | 12412 ||| STAIRDANCE
 12417 | Lair:5   | 12417 ||| STAIRDANCE
 12419 | Lair:4   | 12419 ||| INVOKING Heroism.
 12446 | Lair:5   | 12446 ||| STAIRDANCE
 12448 | Lair:4   | 12448 ||| INVOKING Heroism.
 12479 | Lair:5   | 12479 ||| STAIRDANCE
 12505 | Lair:5   | 12505 ||| STAIRDANCE
 12507 | Lair:4   | 12507 ||| INVOKING Heroism.
 12562 | Lair:5   | 12562 ||| INVOKING Heroism.
 12563 | Lair:5   | 12563 ||| STAIRDANCE
 12657 | Lair:5   | 12657 ||| INVOKING Heroism.
 12663 | Lair:5   | Reached **** piety under Okawaru
 12672 | Lair:5   | HP: 25/127 [death yak (17)]
 12673 | Lair:5   | 12673 ||| READING scroll of teleportation.
 12674 | Lair:5   | Received a gift from Okawaru
 12677 | Lair:5   | HP: 21/127 [poisoned by a water moccasin]
 12783 | Lair:5   | 12783 ||| INVOKING Heroism.
 12791 | Lair:5   | 12791 ||| Stepping ~*~*~tactically~*~*~ (outnumbered).
 12819 | Lair:5   | 12819 ||| Stepping ~*~*~tactically~*~*~ (stealth).
 12832 | Lair:5   | 12832 ||| INVOKING Heroism.
 12839 | Lair:5   | Reached skill level 19 in Unarmed Combat
 12947 | Lair:5   | 12947 ||| INVOKING Heroism.
 12984 | Lair:5   | 12984 ||| Stepping ~*~*~tactically~*~*~ (stealth).
 12992 | Lair:5   | 12992 ||| INVOKING Heroism.
 12993 | Lair:5   | Reached ***** piety under Okawaru
 12994 | Lair:5   | 12994 ||| INVOKING Finesse.
 13008 | Lair:5   | Reached skill level 6 in Invocations
 13056 | Lair:5   | 13056 ||| Stepping ~*~*~tactically~*~*~ (hiding).
 13057 | Lair:5   | 13057 ||| Stepping ~*~*~tactically~*~*~ (hiding).
 13069 | Lair:5   | 13069 ||| Stepping ~*~*~tactically~*~*~ (stealth).
 13070 | Lair:5   | 13070 ||| Stepping ~*~*~tactically~*~*~ (stealth).
 13234 | Lair:5   | 13234 ||| INVOKING Heroism.
 13237 | Lair:5   | 13237 ||| Stepping ~*~*~tactically~*~*~ (outnumbered).
 13360 | Lair:5   | 13360 ||| Stepping ~*~*~tactically~*~*~ (hiding).
 13370 | Lair:5   | 13370 ||| INVOKING Heroism.
 13371 | Lair:5   | 13371 ||| INVOKING Finesse.
 13507 | Lair:5   | Noticed a dire elephant
 13508 | Lair:5   | 13508 ||| INVOKING Heroism.
 13513 | Lair:5   | Killed a dire elephant
 13551 | Lair:5   | Reached XP level 14. HP: 135/137 MP: 17/17
 13584 | Lair:5   | 13584 ||| Stepping ~*~*~tactically~*~*~ (stealth).
 13589 | Lair:5   | 13589 ||| INVOKING Heroism.
 13590 | Lair:5   | 13590 ||| INVOKING Finesse.
 13594 | Lair:5   | Found a gateway to Hell.
 13725 | Lair:5   | 13725 ||| PLANNING D:1-11
 13725 | Lair:5   | 13725 ||| READING scroll labelled JAENISEZ RING.
 13831 | D:10     | Entered Level 10 of the Dungeon
 13988 | D:10     | Reached skill level 9 in Fighting
 14142 | D:10     | 14142 ||| INVOKING Heroism.
 14295 | D:10     | 14295 ||| Stepping ~*~*~tactically~*~*~ (stealth).
 14523 | D:11     | 14523 ||| FLEEEEING.
 14553 | D:11     | 14553 ||| Stepping ~*~*~tactically~*~*~ (outnumbered).
 14557 | D:11     | 14557 ||| INVOKING Heroism.
 14566 | D:11     | Received a gift from Okawaru
 14898 | D:11     | Found Doaxoten's Assorted Antiques.
 14906 | D:11     | 14906 ||| BUYING scroll of brand weapon (304 gold).
 14906 | D:11     | Bought a scroll of brand weapon for 304 gold pieces
 15166 | D:11     | 15166 ||| PLANNING D
 15367 | D:12     | 15367 ||| INVOKING Heroism.
 15368 | D:12     | 15368 ||| INVOKING Finesse.
 15481 | D:12     | 15481 ||| Stepping ~*~*~tactically~*~*~ (hiding).
 15483 | D:12     | 15483 ||| Stepping ~*~*~tactically~*~*~ (stealth).
 15484 | D:12     | 15484 ||| Stepping ~*~*~tactically~*~*~ (stealth).
 15485 | D:12     | 15485 ||| Stepping ~*~*~tactically~*~*~ (stealth).
 15487 | D:12     | 15487 ||| INVOKING Heroism.
 15489 | D:12     | 15489 ||| Stepping ~*~*~tactically~*~*~ (outnumbered).
 15498 | D:12     | 15498 ||| Stepping ~*~*~tactically~*~*~ (outnumbered).
 15515 | D:12     | 15515 ||| Stepping ~*~*~tactically~*~*~ (stealth).
 15528 | D:12     | Found a staircase to the Orcish Mines.
 15536 | D:12     | 15536 ||| Stepping ~*~*~tactically~*~*~ (outnumbered).
 15537 | D:12     | 15537 ||| Stepping ~*~*~tactically~*~*~ (outnumbered).
 15538 | D:12     | 15538 ||| Stepping ~*~*~tactically~*~*~ (outnumbered).
 15539 | D:12     | 15539 ||| Stepping ~*~*~tactically~*~*~ (outnumbered).
 15540 | D:12     | 15540 ||| Stepping ~*~*~tactically~*~*~ (outnumbered).
 15541 | D:12     | 15541 ||| Stepping ~*~*~tactically~*~*~ (outnumbered).
 15542 | D:12     | 15542 ||| Stepping ~*~*~tactically~*~*~ (outnumbered).
 15543 | D:12     | 15543 ||| Stepping ~*~*~tactically~*~*~ (outnumbered).
 15544 | D:12     | 15544 ||| Stepping ~*~*~tactically~*~*~ (outnumbered).
 15545 | D:12     | 15545 ||| Stepping ~*~*~tactically~*~*~ (outnumbered).
 15546 | D:12     | 15546 ||| Stepping ~*~*~tactically~*~*~ (outnumbered).
 15547 | D:12     | 15547 ||| Stepping ~*~*~tactically~*~*~ (outnumbered).
 15548 | D:12     | 15548 ||| Stepping ~*~*~tactically~*~*~ (outnumbered).
 15549 | D:12     | 15549 ||| Stepping ~*~*~tactically~*~*~ (outnumbered).
 15611 | D:12     | 15611 ||| INVOKING Heroism.
 15622 | D:12     | 15622 ||| Stepping ~*~*~tactically~*~*~ (outnumbered).
 15623 | D:12     | 15623 ||| Stepping ~*~*~tactically~*~*~ (outnumbered).
 15624 | D:12     | 15624 ||| Stepping ~*~*~tactically~*~*~ (outnumbered).
 15625 | D:12     | 15625 ||| Stepping ~*~*~tactically~*~*~ (outnumbered).
 15626 | D:12     | 15626 ||| Stepping ~*~*~tactically~*~*~ (outnumbered).
 15632 | D:12     | Received a gift from Okawaru
 15642 | D:12     | 15642 ||| INVOKING Heroism.
 15643 | D:12     | 15643 ||| Stepping ~*~*~tactically~*~*~ (outnumbered).
 15647 | D:12     | 15647 ||| Stepping ~*~*~tactically~*~*~ (outnumbered).
 15648 | D:12     | 15648 ||| Stepping ~*~*~tactically~*~*~ (outnumbered).
 15649 | D:12     | 15649 ||| Stepping ~*~*~tactically~*~*~ (outnumbered).
 15769 | D:12     | 15769 ||| INVOKING Heroism.
 15770 | D:12     | 15770 ||| Stepping ~*~*~tactically~*~*~ (outnumbered).
 15771 | D:12     | 15771 ||| Stepping ~*~*~tactically~*~*~ (outnumbered).
 15772 | D:12     | 15772 ||| Stepping ~*~*~tactically~*~*~ (outnumbered).
 15773 | D:12     | 15773 ||| Stepping ~*~*~tactically~*~*~ (outnumbered).
 15774 | D:12     | 15774 ||| Stepping ~*~*~tactically~*~*~ (outnumbered).
 15775 | D:12     | 15775 ||| Stepping ~*~*~tactically~*~*~ (outnumbered).
 15786 | D:12     | 15786 ||| Stepping ~*~*~tactically~*~*~ (outnumbered).
 15986 | D:12     | 15986 ||| FLEEEEING.
 15993 | D:12     | 15993 ||| FLEEEEING.
 15994 | D:12     | 15994 ||| FLEEEEING.
 15996 | D:12     | 15996 ||| STAIRDANCE
 16025 | D:12     | 16025 ||| Stepping ~*~*~tactically~*~*~ (hiding).
 16299 | D:13     | 16299 ||| PLANNING BAZAAR
 16350 | D:13     | 16350 ||| INVOKING Heroism.
 16351 | D:13     | 16351 ||| INVOKING Finesse.
 16512 | D:13     | 16512 ||| Stepping ~*~*~tactically~*~*~ (stealth).
 16544 | D:13     | 16544 ||| INVOKING Heroism.
 16553 | D:13     | HP: 22/140 [centaur warrior/arrow (19)]
 16554 | D:13     | 16554 ||| READING scroll of teleportation.
 16554 | D:13     | HP: 10/140 [centaur/arrow[a centaur warrior] (9)]
 16555 | D:13     | 16555 ||| DRINKING 3 potions of heal wounds.
 16556 | D:13     | 16556 ||| DRINKING 2 potions of heal wounds.
 16579 | D:13     | 16579 ||| INVOKING Heroism.
 16582 | D:13     | HP: 23/140 [centaur warrior/arrow (16)]
 16582 | D:13     | HP: 2/140 [centaur warrior/arrow (21)]
 16583 | D:13     | 16583 ||| DRINKING potion of heal wounds.
 16587 | D:13     | HP: 19/140 [centaur/arrow[a centaur warrior] (11)]
 16587 | D:13     | HP: 8/140 [centaur/arrow[a centaur warrior] (5)]
 16589 | D:13     | Found Makhat's Specific Store.
 16610 | D:13     | 16610 ||| INVOKING Heroism.
 16723 | D:13     | Found Jiatoqon's General Store.
 16731 | D:13     | 16731 ||| BUYING potion of heal wounds (85 gold).
 16731 | D:13     | Bought a potion of heal wounds for 85 gold pieces
 16775 | D:13     | 16775 ||| INVOKING Heroism.
 16783 | D:13     | HP: 28/135 [meliai/+0 war axe of draining (7)]
 16784 | D:13     | 16784 ||| DRINKING potion of heal wounds.
 16784 | D:13     | HP: 11/126 [meliai/+0 hand axe (3)]
 16784 | D:13     | Killed from afar by a meliai

Levels and vault maps discovered:
D:1:      amcnicky_arrival_blooded_trapdoor, layout_loops_cross
D:2:      layout_loops_ring, uniq_terence, uniq_crazy_yiuf_cottage
D:3:      layout_basic, gammafunk_temple_overflow_wave, serial_shops, shop,
          grunt_ministairs_1, uniq_jessica
D:4:      layout_cave_pools, nicolae_wu_jian_glorious_leap,
          kennysheep_orc_sif_temple
D:5:      layout_layer_cave, minmay_temple_entry_enclosed_plants,
          cheibrodos_sewer_entry_drain
D:6:      layout_basic, chequers_serial_rivers_small_b
D:7:      layout_layer_cave, amethyst_killhole, uniq_maggie
D:8:      minmay_polygon_palace, layout_loops_ring, lemuel_crystal_altar,
          chequers_mini_garden, kennysheep_cluttered_room
D:9:      layout_basic, minmay_lair_entry_grove, enter_bailey_1
D:10:     layout_roguey
D:11:     layout_loops_ring, serial_shops, nicolae_diamond_shop
D:12:     layout_gridville, erik_orc_4, minmay_misc_feat_enclosed
D:13:     layout_small_grid, serial_shops, bzr_in_the_mist,
          nicolae_specific_store
Temple:   hellmonk_temple_divided_pantheon
Lair:1:   layout_hall_layers
Lair:2:   layout_big_grid, spider_nest_entry_web_field, grunt_megastairs_4
Lair:3:   layout_gridlike, elwin_shoals_entry_rocks, uniq_kirke
Lair:4:   layout_cave_pods, slime_entry_2, gammafunk_ghost_wrathful_warriors
Lair:5:   evil_forest, layout_concentric_octagons, serial_bayou_shore_a

Skill      XL: |  1  2  3  4  5  6  7  8  9 10 11 12 13 14 |
---------------+-------------------------------------------+-----
Unarmed Combat | 4 5 6 8 9 11 12 14 16 18 19 | 19.6
Fighting       | 3 4 5 6 7 8 9 |  9.0
Throwing       | 1 3 5 6 7 8 |  8.0
Armour         | 2 3 |  3.0
Dodging        | 1 |  1.0
Invocations    | 4 6 8 |  8.4
Spellcasting   | |  1.0
Fire Magic     | |  2.1

Action                   |  1- 3 |  4- 6 |  7- 9 | 10-12 | 13-15 || total
-------------------------+-------+-------+-------+-------+-------++-------
Melee: Unarmed           |    73 |   138 |   290 |   441 |   353 ||  1295
       Punch             |     4 |     2 |    20 |    19 |    36 ||    81
Throw: Boomerang         |       |    36 |    77 |       |       ||   113
       Javelin           |       |       |    27 |    18 |    21 ||    66
       Large rock        |       |       |       |    57 |    39 ||    96
Invok: Fiery Armour      |     1 |       |     5 |     7 |       ||    13
       Heroism           |       |       |       |     7 |    32 ||    39
       Finesse           |       |       |       |       |     5 ||     5
  Use: Scroll            |     2 |     5 |     7 |     5 |     6 ||    25
       Potion            |       |     3 |     3 |       |     9 ||    15
Armor: Robe              |    12 |    33 |    44 |    24 |   127 ||   240
       Acid dragon scale |       |       |    20 |   110 |       ||   130
Dodge: Dodged            |    17 |    75 |   123 |   241 |   240 ||   696

Table legend:
 A = Non-vault XP
 B = Vault XP
 C = Vault XP percentage of total XP
 D = Non-vault monster count
 E = Vault monster count
 F = Vault count percentage of total count
                 A         B        C        D         E       F
            +---------+---------+-------+---------+---------+-------
      Total |   60070 |   22963 |  27.7 |     368 |     135 |  26.8
            +---------+---------+-------+---------+---------+-------
        D:1 |      50 |       0 |   0.0 |      27 |       0 |   0.0
        D:2 |      72 |      37 |  33.9 |      25 |       2 |   7.4
        D:3 |      41 |      38 |  48.1 |      16 |       2 |  11.1
        D:4 |     316 |      38 |  10.7 |      20 |       2 |   9.1
        D:5 |     562 |       7 |   1.2 |      19 |       2 |   9.5
        D:6 |     748 |       0 |   0.0 |      20 |       0 |   0.0
        D:7 |    1113 |     379 |  25.4 |      25 |       1 |   3.8
        D:8 |    1580 |    4199 |  72.7 |      29 |      22 |  43.1
        D:9 |    3356 |    1900 |  36.1 |      16 |      13 |  44.8
       D:10 |    2775 |       0 |   0.0 |      12 |       0 |   0.0
       D:11 |    3538 |       0 |   0.0 |      11 |       0 |   0.0
       D:12 |    5122 |     529 |   9.4 |      23 |      17 |  42.5
       D:13 |    5244 |       0 |   0.0 |      13 |       0 |   0.0
     Lair:1 |    6509 |       0 |   0.0 |      22 |       0 |   0.0
     Lair:2 |    4524 |    1615 |  26.3 |      11 |      13 |  54.2
     Lair:3 |    4527 |    2721 |  37.5 |      18 |       7 |  28.0
     Lair:4 |   10035 |       0 |   0.0 |      30 |       0 |   0.0
     Lair:5 |    9958 |   10498 |  51.3 |      31 |      26 |  45.6
      Sewer |       0 |    1002 | 100.0 |       0 |      28 | 100.0
            +---------+---------+-------+---------+---------+-------
